 Dungeon Crawl Stone Soup version 0.29-a0-330-g52719c12eb (webtiles) character file.

Game seed: 12752706339182832937

117 dohliylev the Ruffian (level 4, 0/42 HPs)
             Began as a Troll Warper on May 11, 2022.
             Slain by an orc
             ... wielding a +0 short sword
              (4 damage)
             ... on level 5 of the Dungeon.
             The game lasted 00:02:43 (1788 turns).

dohliylev the Ruffian (Troll Warper)                Turns: 1788, Time: 00:02:43

Health: 0/42       AC:  4    Str: 21    XL:     4   Next: 71%
Magic:  5/5        EV: 10    Int:  9    God:
Gold:   251        SH:  0    Dex: 14    Spells: 5/5 levels left

rFire   . . .      SeeInvis .     - Unarmed
rCold   + . .      Faith    .   (no shield)
rNeg    . . .      Spirit   .   a - +0 robe
rPois   .          Reflect  .   (helmet restricted)
rElec   +          Harm     .   (no cloak)
rCorr   .          Rampage  .   (gloves unavailable)
Will    .....                   (boots unavailable)
Stlth   ++........              (no amulet)
HPRegen 0.94/turn               k - ring "Sarchywa" {rElec rC+ Will- Dex+5 Stlth+}
MPRegen 0.09/turn               (no ring)

@: no status effects
A: large, unfitting armour, claws 3, regeneration 1, shaggy fur 1, tough skin 1
a: no special abilities


You were on level 5 of the Dungeon.
You visited 1 branch of the dungeon, and saw 5 of its levels.

You collected 251 gold pieces.

Inventory:

Missiles
 c - 7 boomerangs of dispersal
 j - 2 boomerangs (quivered)
Armour
 a - a +0 robe (worn)
Jewellery
 k - the ring "Sarchywa" (left claw) {rElec rC+ Will- Dex+5 Stlth+}
   (You found it on level 2 of the Dungeon)

   [ring of protection from cold]

   Dex:       It affects your dexterity (+5).
   rC:        It protects you from cold.
   rElec:     It insulates you from electricity.
   Will:      It decreases your willpower.
   Stlth:     It makes you more stealthy.
Scrolls
 b - 2 scrolls of blinking
 d - a scroll of vulnerability {unknown}
 f - a scroll of noise {unknown}
 n - a scroll of enchant armour {unknown}
 o - 2 scrolls of amnesia {unknown}
Potions
 e - 2 potions of curing {unknown}
 g - a potion of attraction {unknown}
 h - a potion of mutation {unknown}
 i - 2 potions of haste {unknown}
 l - a potion of heal wounds {unknown}
 m - a potion of degeneration {unknown}


   Skills:
 + Level 1.9 Fighting
 + Level 1.1 Throwing
 + Level 2.3 Dodging
 + Level 3.4 Unarmed Combat
 + Level 1.3 Spellcasting
 + Level 2.9 Translocations


You had 5 spell levels left.
You didn't know any spells.
Your spell library contained the following spells:

 Spells                   Type           Power      Damage    Failure   Level
 Blink                    Tloc           10%        N/A       16%         2
 Gell's Gravitas          Tloc           5%         N/A       32%         3
 Lesser Beckoning         Tloc           5%         N/A       32%         3
 Teleport Other           Tloc           5%         N/A       32%         3
 Corpse Rot               Necr/Air       0%         N/A       47%         2
 Manifold Assault         Tloc           5%         N/A       96%         5
 Dispel Undead            Necr           0%         3d6       98%         4
 Death Channel            Necr           0%         N/A       100%        6


Dungeon Overview and Level Annotations

Branches:
Dungeon (5/15)
 Temple: D:4-7

Altars:
The Shining One

Shops:
D:2 *


Innate Abilities, Weirdness & Mutations

You are too large for most types of armour.
You have claws for hands.
Your natural rate of healing is unusually fast.
You are covered in fur. (AC +1)
You have tough skin. (AC +1)


Message History

The ice beast hits you. The ice beast freezes you. You resist.
You see here 12 gold pieces.
An orc comes into view. It is wielding a +0 dagger.
The orc shouts!
An orc comes into view. It is wielding a +0 club.
The ice beast attacks as you move away! The ice beast completely misses you.
An orc wizard comes into view. It is wielding a +0 dagger.
The orc wizard shouts!
An orc wizard comes into view.
It is wielding a +0 dagger of electrocution.
The ice beast attacks as you move away! The ice beast hits you.
The ice beast freezes you. You resist. The orc hits you with a +0 club.
The ice beast hits you. The ice beast freezes you. You resist.
* * * LOW HITPOINT WARNING * * *
The orc attacks as you move away! The orc barely misses you.
The orc attacks as you move away! The orc hits you with a +0 dagger.
* * * LOW HITPOINT WARNING * * *
The ice beast attacks as you move away! The ice beast barely misses you.
The orc attacks as you move away! The orc misses you.
The orc attacks as you move away! The orc barely misses you.
The ice beast completely misses you.
The orc wizard shouts!
An orc comes into view. It is wielding a +0 short sword.
The orc wizard gestures at you while chanting.
You resist with significant effort. The orc attacks as you move away!
The orc hits you with a +0 club.
* * * LOW HITPOINT WARNING * * *
The orc throws a boomerang.
The boomerang hits you but does no damage.
The orc attacks as you move away! The orc hits you but does no damage. x2
The orc attacks as you move away! The orc hits you but does no damage.
The orc hits you with a +0 short sword.
* * * LOW HITPOINT WARNING * * *
The orc wizard hits you but does no damage.
The orc wizard attacks as you move away!
The orc wizard hits you but does no damage.
The orc closely misses you. The orc attacks as you move away!
The orc hits you but does no damage. The orc attacks as you move away!
The orc hits you with a +0 short sword.
You die...

#########
#..#..#.###
#...o.....#
#...o.....#
#..@ooo!..#
#..####Y###
#..####.####+#
#...o..Y.....#
#............#
#............#
#............#
#.....$......#
#..##...##...#


You could see an ice beast, 2 orc wizards and 3 orcs.

Vanquished Creatures
  An orc wizard (D:3)
  4 adders
  2 worms
  A dart slug (D:2)
  6 ball pythons
  4 endoplasms
  4 giant cockroaches
  4 goblins
  5 hobgoblins
  A quokka (D:2)
  5 bats
  2 frilled lizards
  5 kobolds
  3 rats (D:1)
47 creatures vanquished.

Notes
Turn   | Place    | Note
-------+----------+-------------------------------------------
     0 | D:1      | dohliylev the Troll Warper began the quest for the Orb.
     0 | D:1      | Reached XP level 1. HP: 19/19 MP: 1/1
    96 | D:1      | Reached skill level 1 in Throwing
   163 | D:1      | Reached XP level 2. HP: 28/28 MP: 2/2
   169 | D:1      | Found a faded altar of an unknown god.
   829 | D:2      | Reached XP level 3. HP: 35/35 MP: 3/3
   958 | D:2      | Identified the ring "Sarchywa" {rElec rC+ Will- Dex+5
                  | Stlth+}
  1199 | D:2      | Found Ifinn's Assorted Antiques.
  1243 | D:2      | Reached XP level 4. HP: 42/42 MP: 5/5
  1360 | D:3      | Found a glowing golden altar of the Shining One.
  1397 | D:3      | Reached skill level 3 in Unarmed Combat
  1741 | D:4      | Noticed an ice beast
  1763 | D:5      | Entered Level 5 of the Dungeon
  1785 | D:5      | HP: 2/42 [orc/+0 short sword (6)]
  1788 | D:5      | Slain by an orc

Illustrated notes

Levels and vault maps discovered:
D:1:      zaba_arrival_water, layout_loops_cross, basic_ecumenical_altar
D:2:      layout_basic, serial_shops, shop
D:3:      layout_basic, mainiacjoe_overflow_paths, st_stairs_4,
          kennysheep_generic_room_3
D:4:      nicolae_cairo_tiling_very_big, layout_rooms,
          cheibrodos_sewer_entry_drain
D:5:      layout_gridville, grunt_temple_overflow_open, uniq_grinder

Skill      XL: |  1  2  3  4 |
---------------+-------------+-----
Throwing       | 1 |  1.1
Dodging        | 2 |  2.3
Unarmed Combat | 3 |  3.4
Fighting       | |  1.9
Spellcasting   | |  1.3
Translocations | |  2.9

Action                   |  1- 3 |  4- 6 || total
-------------------------+-------+-------++-------
Melee: Unarmed           |    82 |    46 ||   128
       Punch             |       |     1 ||     1
 Stab: Sleeping          |     5 |     2 ||     7
Armor: Robe              |    35 |    25 ||    60
Dodge: Dodged            |    36 |    33 ||    69

Table legend: (Time is in decaauts)
 A = Elapsed time spent in this place.
 B = Non-inter-level travel time spent in this place.
 C = Inter-level travel time spent in this place.
 D = Time resting spent in this place.
 E = Time spent auto-exploring this place.
 F = Levels seen in this place.
 G = Mean time per level.
                   A        B        C        D        E       F      G
               +--------+--------+--------+--------+--------+-----+--------+
         Total |   1786 |   1653 |    133 |      0 |   1286 |   5 |  357.2 |
       Dungeon |   1786 |   1653 |    133 |      0 |   1286 |   5 |  357.2 |
               +--------+--------+--------+--------+--------+-----+--------+

Top non-repeatable levels by time:
     D:1: 740 daAuts
     D:2: 560 daAuts
     D:3: 386 daAuts
     D:4: 74 daAuts
     D:5: 24 daAuts
